 Seeded DCSS version 0.29-a0-1047-g7c58e119a4 (webtiles) character file.

Game seed: 6110161014741598081 (custom seed)

23 flotson the Sneak (level 2, -2/24 HPs)
             Began as a Demonspawn Delver on Aug 16, 2022.
             Succumbed to Robin's poison
             ... on level 3 of the Dungeon.
             The game lasted 00:02:13 (530 turns).

flotson the Sneak (Demonspawn Delver)                Turns: 530, Time: 00:02:14

Health: -2/24      AC:  8    Str: 12    XL:     2   Next: 75%
Magic:  2/2        EV:  5    Int: 11    God:
Gold:   57         SH:  0    Dex: 14    Spells: 1/1 levels left

rFire   . . .      SeeInvis .   a - +0 hand axe
rCold   . . .      Faith    .   (no shield)
rNeg    . . .      Spirit   .   d - +0 chain mail
rPois   .          Reflect  .   (no helmet)
rElec   .          Harm     .   (no cloak)
rCorr   .          Rampage  .   (no gloves)
Will    .....                   (no boots)
Stlth   ..........              (no amulet)
HPRegen 0.08/turn               (no ring)
MPRegen 0.08/turn               (no ring)

@: lethally poisoned (-2 -> -32)
A: demonic guardian 1
a: no special abilities


You were on level 3 of the Dungeon.
You visited 1 branch of the dungeon, and saw 3 of its levels.

You collected 57 gold pieces.

Inventory:

Hand Weapons
 a - a +0 hand axe (weapon)
Missiles
 f - 4 poisoned darts (quivered)
Armour
 d - a +0 chain mail (worn)
Wands
 g - a wand of digging (2)
Scrolls
 c - a scroll of fog
 e - a scroll of fear
Potions
 b - a potion of mutation {unknown}


   Skills:
 + Level 3.2 Fighting
 + Level 2.0 Axes
 + Level 0.4 Throwing
 + Level 0.6 Armour
 + Level 2.0 Dodging
 - Level 4.5 Stealth
 + Level 0.7 Evocations


You had one spell level left.
You didn't know any spells.
Your spell library was empty.

Dungeon Overview and Level Annotations

Branches:
Dungeon (5/15)
 Temple: D:4-7

Altars:

Shops:
D:4 *?

Annotations:
D:3 Robin


Innate Abilities, Weirdness & Mutations

A weak demonic guardian rushes to your aid.


Message History

No target in view!
No target in view!
No target in view!
Items here: )))) †.
You see here a +0 dagger.
A goblin comes into view. It is wielding a +0 dagger.
Things that are here:
a +0 club; a +0 sling The goblin shouts!
Things that are here:
a +0 club; a goblin corpse You hit the goblin.
You kill the goblin!
No target in view!
No target in view!
No target in view!
No target in view!
No target in view!
No target in view!
Robin of the Strong Arm comes into view.
They are wielding a +3 dagger of venom.
Robin shouts!
Robin says, "Feeling lonely?"
You see here a +0 dagger.
Robin hits you but does no damage.
You are poisoned.
You hit Robin.
Robin is lightly wounded.
You feel sick. Robin hits you but does no damage.
You are more poisoned.
Robin hits you but does no damage.
You are lethally poisoned!
You hit Robin.
Robin is moderately wounded.
You feel very sick.
Robin hits you with a +3 dagger of venom.
* * * LOW HITPOINT WARNING * * *
A demonic guardian appears!
You are more poisoned.
You swap places.
You die...

.......# .#
.......# .#
##.##.## ##
.# #.##.# ..
.# ###
#.##.## .##.#
.... ##.##..#
...#.....
...#####
#g.......
...# #5# ...#
#@# ...# #.#
...# #.# .#
...#######
###)#####...#
.........#
#...))).....#
.........#
#.#.#####...#
.........#
#.#.# ...
.........#
#.#.####### .
.........#
#.#.......#


You could see Robin (ally target) and a friendly ufetubus (summoned).

Vanquished Creatures
  A dart slug (D:4)
  An orc (D:3)
  A ball python (D:3)
  An endoplasm (D:3)
  3 hobgoblins (D:3)
  A quokka (D:3)
  7 goblins (D:3)
15 creatures vanquished.

Vanquished Creatures (collateral kills)
  A goblin (D:3)
1 creature vanquished.

Grand Total: 16 creatures vanquished

Notes
Turn   | Place    | Note
-------+----------+-------------------------------------------
     0 | D:5      | flotson the Demonspawn Delver began the quest for the Orb.
     0 | D:5      | Reached XP level 1. HP: 18/18 MP: 1/1
    67 | D:4      | Found Tioghil's Assorted Antiques.
    70 | D:4      | Noticed a wight
    70 | D:4      | Noticed a wight
    70 | D:4      | Noticed a wight
    71 | D:4      | Noticed a hound
   153 | D:4      | Found Cenluis's Magic Scroll Shoppe.
   482 | D:3      | Gained mutation: A weak demonic guardian rushes to your
                  | aid. [demonic ancestry]
   482 | D:3      | Reached XP level 2. HP: 24/24 MP: 2/2
   525 | D:3      | Noticed Robin
   530 | D:3      | Succumbed to Robin's poison

Illustrated notes

Levels and vault maps discovered:
D:3:      layout_basic, serial_aquarium, aquarium_bridge_square
          [aquarium_subvault_bridge, aquarium_subvault_balcony,
          aquarium_subvault_window, aquarium_subvault_bridge],
          aquarium_bridge_straight [aquarium_subvault_bridge,
          aquarium_subvault_wall, aquarium_subvault_bridge,
          aquarium_subvault_window], aquarium_window_2, aquarium_window_fake,
          aquarium_window_fake, aquarium_window_fake, aquarium_view_2d,
          aquarium_view_2g, aquarium_balcony_3a, ebering_dispersal_statue_hall,
          uniq_ijyb, uniq_robin
D:4:      layout_layer_cave, serial_shops, nicolae_diamond_shop,
          nicolae_square_shop, shop_fountains, nicolae_inconvenience_store,
          shop, nicolae_shop_clearance, uniq_pikel
D:5:      layout_basic, uniq_edmund, uniq_prince_ribbit1

Skill      XL: |  1  2 |
---------------+-------+-----
Axes           | 2 |  2.0
Dodging        | 2 |  2.0
Fighting       | |  3.2
Throwing       | |  0.4
Armour         | |  0.6
Stealth        | |  4.5
Evocations     | |  0.7

Action                   || total
-------------------------++-------
Melee: Hand axe          ||    50
Evoke: Wand              ||     1
  Use: Scroll            ||     1
       Potion            ||     1
Armor: Leather armour    ||     4
       Chain mail        ||    28
Dodge: Dodged            ||    19

Table legend: (Time is in decaauts)
 A = Elapsed time spent in this place.
 B = Non-inter-level travel time spent in this place.
 C = Inter-level travel time spent in this place.
 D = Time resting spent in this place.
 E = Time spent auto-exploring this place.
 F = Levels seen in this place.
 G = Mean time per level.
                   A        B        C        D        E       F      G
               +--------+--------+--------+--------+--------+-----+--------+
         Total |    524 |    524 |      0 |      4 |    329 |   3 |  174.7 |
       Dungeon |    524 |    524 |      0 |      4 |    329 |   3 |  174.7 |
               +--------+--------+--------+--------+--------+-----+--------+

Top non-repeatable levels by time:
     D:3: 384 daAuts
     D:4: 78 daAuts
     D:5: 62 daAuts
